 Dungeon Crawl Stone Soup version 0.29-a0-542-g075992c915 (webtiles) character file.

Game seed: 11829787170408458318

69 pokeman the Magician (level 4, -8/25 HPs)
             Began as a Deep Elf Hedge Wizard on June 3, 2022.
             Killed from afar by Sigmund (9 damage)
             ... with a magic dart
             ... on level 3 of the Dungeon.
             The game lasted 00:02:57 (2687 turns).

pokeman the Magician (Deep Elf Hedge Wizard)        Turns: 2687, Time: 00:02:58

Health: -8/25      AC:  3    Str:  7    XL:     4   Next: 2%
Magic:  3/13       EV: 12    Int: 21    God:
Gold:   99         SH:  0    Dex: 14    Spells: 3/14 levels left

rFire   . . .      SeeInvis .   a - +0 dagger
rCold   . . .      Faith    .   (no shield)
rNeg    . . .      Spirit   .   j - +0 leather armour
rPois   .          Reflect  .   c - +0 hat
rElec   .          Harm     .   (no cloak)
rCorr   .          Rampage  .   (no gloves)
Will    .....                   (no boots)
Stlth   ++........              (no amulet)
HPRegen 0.08/turn               (no ring)
MPRegen 0.13/turn               (no ring)

@: very slightly contaminated
A: no striking features
a: no special abilities


You were on level 3 of the Dungeon.
You visited 1 branch of the dungeon, and saw 3 of its levels.

You collected 99 gold pieces.

Inventory:

Hand Weapons
 a - a +0 dagger (weapon)
Armour
 c - a +0 hat (worn)
 j - a +0 leather armour (worn)
Scrolls
 f - 2 scrolls of identify {unknown}
 h - a scroll of fear {unknown}
 i - a scroll of teleportation {unknown}
 k - a scroll of immolation {unknown}
Potions
 b - a potion of brilliance {unknown}
 d - 4 potions of magic
 e - 4 potions of curing {unknown}
 g - a potion of berserk rage {unknown}


   Skills:
 - Level 1.0 Fighting
 - Level 1.0 Armour
 + Level 2.5 Dodging
 - Level 2.4 Stealth
 * Level 5.5 Spellcasting
 + Level 2.1 Conjurations
 - Level 1.1 Summonings
 - Level 1.1 Translocations
 + Level 0.0 Fire Magic


You had 3 spell levels left.
You knew the following spells:

 Your Spells              Type           Power      Damage    Failure   Level
a - Magic Dart            Conj           56%        1d5       6%          1
b - Mephitic Cloud        Conj/Pois/Air  8%         N/A       32%         3
c - Call Imp              Summ           10%        N/A       14%         2
d - Blink                 Tloc           20%        N/A       14%         2
e - Conjure Flame         Conj/Fire      10%        6-21      28%         3

Your spell library contained the following spells:

 Spells                   Type           Power      Damage    Failure   Level
 Searing Ray              Conj           28%        2d5       10%         2
 Slow                     Hex            20%        N/A       16%         1
 Fulminant Prism          Conj/Hex       5%         3d7       67%         4


Dungeon Overview and Level Annotations

Branches:
Dungeon (3/15)

Altars:

Annotations:
D:3 Sigmund


Message History

Confirm with . or Enter, or press ? or * to list all spells.
The spell is extremely dangerous to miscast (32% risk of failure)!
Continue anyway?
Aiming: Mephitic Cloud (extremely dangerous; 32% risk of failure)
Press: ? - help, Shift-Dir - straight line, f - Sigmund
Aim: Sigmund, wielding a +0 scythe and wearing a +0 robe of willpower (chance to affect: 86%)
You miscast Mephitic Cloud.
You are very lightly contaminated with residual magic.
You feel rather nauseous for a moment!
You are poisoned.
You feel sick.
Sigmund gestures wildly while chanting.
Sigmund flickers and vanishes!
Deactivating autopickup; reactivate with Ctrl-A.
Casting: Mephitic Cloud (extremely dangerous; 32% risk of failure)
Confirm with . or Enter, or press ? or * to list all spells.
You can't see any susceptible monsters within range! (Use Z to cast anyway.)
There is a strange disturbance nearby!
Casting: Mephitic Cloud (extremely dangerous; 32% risk of failure)
Confirm with . or Enter, or press ? or * to list all spells.
The spell is extremely dangerous to miscast (32% risk of failure)!
Continue anyway?
Aiming: Mephitic Cloud (extremely dangerous; 32% risk of failure)
Press: ? - help, Shift-Dir - straight line The ball explodes into a vile cloud!
The stinking cloud engulfs something but does no damage.
You feel sick.
Unknown command.
You feel sick.
You feel sick.
You feel sick.
You are no longer poisoned.
Casting: Mephitic Cloud (extremely dangerous; 32% risk of failure)
Confirm with . or Enter, or press ? or * to list all spells.
The spell is extremely dangerous to miscast (28% risk of failure)!
Continue anyway?
You miscast Conjure Flame.
A wave of violent energy washes through your body.
* * * LOW HITPOINT WARNING * * *
Something says, "I'm a little confused."
A magic dart appears from out of thin air!
The magic dart hits you!
You die...

..⌠...⌠...⌠...#
.#.##...##.#..#
#.#(#.#.#.##.#
#..##.##..##)#
#⌠...⌠...⌠#<)#
#..####†####......#
# ###.#########.#
#.......†... #
#.######..@..######
.............#
#.######.....#
#.....#
######...###
#..........#
#.####...#.#
##{##.# #.# #


There were no monsters in sight!

Vanquished Creatures
  A gnoll (D:1)
  An adder (D:3)
  2 dart slugs
  2 ball pythons (D:2)
  4 bats (D:1)
  2 endoplasms
  A giant cockroach (D:3)
  3 goblins
  6 hobgoblins
  2 jackals (D:3)
  3 quokkas
  4 frilled lizards
  8 kobolds
  4 rats
43 creatures vanquished.

Notes
Turn   | Place    | Note
-------+----------+-------------------------------------------
     0 | D:1      | pokeman the Deep Elf Hedge Wizard began the quest for the
                  | Orb.
     0 | D:1      | Reached XP level 1. HP: 10/10 MP: 7/7
   452 | D:1      | Reached XP level 2. HP: 16/16 MP: 2/9
  1083 | D:1      | Reached skill level 5 in Spellcasting
  1083 | D:1      | Reached XP level 3. HP: 20/20 MP: 2/11
  1088 | D:1      | Learned a level 3 spell: Mephitic Cloud
  1091 | D:1      | Learned a level 2 spell: Call Imp
  1094 | D:1      | Learned a level 2 spell: Blink
  1098 | D:1      | Learned a level 3 spell: Conjure Flame
  1895 | D:2      | Reached skill level 1 in Fighting
  2083 | D:2      | Found a faded altar of an unknown god.
  2519 | D:3      | Reached skill level 1 in Armour
  2597 | D:3      | Reached XP level 4. HP: 20/25 MP: 7/13
  2670 | D:3      | Noticed Sigmund
  2680 | D:3      | HP: 1/25 [something (5)]
  2687 | D:3      | Killed from afar by Sigmund

Illustrated notes

Levels and vault maps discovered:
D:1:      dpeg_arrival_arbitrary_c, layout_loops_ring
D:2:      layout_loops_ring, shapermc_ecumenical_altar_petra,
          minmay_misc_feat_secret_circle, kennysheep_cross_room,
          minmay_misc_feat_four_crosses, kennysheep_flooded_box
D:3:      layout_loops_ring, roderic_three_in_a_row, uniq_ijyb, uniq_grinder,
          uniq_crazy_yiuf_cottage, uniq_sigmund

Skill      XL: |  1  2  3 |
---------------+----------+-----
Spellcasting   | 5 |  5.5
Conjurations   | 2 |  2.1
Fighting       | 1 |  1.0
Armour         | 1 |  1.0
Dodging        | |  2.5
Stealth        | |  2.4
Summonings     | |  1.1
Translocations | |  1.1

Action                   |  1- 3 |  4- 6 || total
-------------------------+-------+-------++-------
Melee: Dagger            |     5 |       ||     5
 Cast: Magic Dart        |   106 |     2 ||   108
       Conjure Flame     |       |     1 ||     1
       Mephitic Cloud    |       |     1 ||     1
Armor: Robe              |     1 |       ||     1
       Leather armour    |     1 |       ||     1
Dodge: Dodged            |    20 |       ||    20

Table legend: (Time is in decaauts)
 A = Elapsed time spent in this place.
 B = Non-inter-level travel time spent in this place.
 C = Inter-level travel time spent in this place.
 D = Time resting spent in this place.
 E = Time spent auto-exploring this place.
 F = Levels seen in this place.
 G = Mean time per level.
                   A        B        C        D        E       F      G
               +--------+--------+--------+--------+--------+-----+--------+
         Total |   2686 |   2612 |     74 |      0 |   2370 |   3 |  895.3 |
       Dungeon |   2686 |   2612 |     74 |      0 |   2370 |   3 |  895.3 |
               +--------+--------+--------+--------+--------+-----+--------+

Top non-repeatable levels by time:
     D:1: 1563 daAuts
     D:2: 894 daAuts
     D:3: 228 daAuts
